 Dungeon Crawl Stone Soup version 0.22.0 (webtiles) character file.

4123 lukekx100 the Cleaver (level 10, -3/57 HPs)
             Began as a Gargoyle Fighter on Aug 10, 2018.
             Slain by an orc warrior
             ... wielding a +3 trident of freezing
              (4 damage)
             ... on level 9 of the Dungeon.
             The game lasted 00:33:13 (6713 turns).

lukekx100 the Cleaver (Gargoyle Fighter)            Turns: 6713, Time: 00:33:14

Health: -3/57      AC: 21    Str: 23    XL:     10   Next: 27%
Magic:  10/10      EV:  9    Int:  9    God:
Gold:   404        SH:  0    Dex:  9    Spells: 9/9 levels left

rFire    . . .     SeeInvis +   g - +5 battleaxe (freeze)
rCold    . . .     Gourm    .   (shield currently unavailable)
rNeg     + + .     Faith    .   y - +1 chain mail
rPois    ∞         Spirit   .   (no helmet)
rElec    +         Reflect  .   (no cloak)
rCorr    .         Harm     .   i - +0 pair of gloves
MR       .....                  n - +0 pair of boots
Stlth    ..........             (no amulet)
HPRegen  0.19/turn              l - ring of see invisible
MPRegen  0.12/turn              o - ring of positive energy

@: no status effects
A: negative energy resistance 1, electricity resistance, unbreathing,
petrification resistance, rot immunity, AC +7
a: no special abilities


You were on level 9 of the Dungeon.
You were near starving.

You visited 1 branch of the dungeon, and saw 9 of its levels.

You collected 404 gold pieces.

Inventory:

Hand Weapons
 a - a +0 war axe
 g - a +5 battleaxe of freezing (weapon)
 h - a +0 mace
 k - a cursed -1 dagger
 m - a +0 war axe
 q - a +5 short sword (quivered)
 A - a +3 falchion of freezing
 G - a +3 morningstar
 H - a cursed +0 spear
 J - a +2 hand axe of freezing
Armour
 b - a +0 scale mail
 c - a +0 shield
 i - a +0 pair of gloves (worn)
 n - a +0 pair of boots (worn)
 s - a +1 pair of boots
 u - a +0 ring mail
 w - a +0 scale mail
 y - a +1 chain mail (worn)
 K - a +2 leather armour of positive energy
Jewellery
 j - a -2 ring of intelligence
 l - a ring of see invisible (left hand)
 o - a ring of positive energy (right hand)
 p - an uncursed ring of attention
 x - an uncursed ring of poison resistance
Wands
 v - a wand of digging (7)
 I - a wand of iceblast (8)
Scrolls
 d - 4 scrolls of remove curse
 e - 4 scrolls of teleportation
 r - a scroll of immolation
 t - 2 scrolls of noise
 z - 3 scrolls of random uselessness
 C - a scroll of magic mapping {unknown}
 F - a scroll of fog
 L - 2 scrolls of identify
 N - a scroll of amnesia {unknown}
Potions
 D - 2 potions of degeneration {unknown}
 E - a potion of mutation {unknown}
Comestibles
 f - 7 rations
 O - a chunk of flesh


   Skills:
 - Level 4.2 Fighting
 - Level 5.5 Short Blades
 * Level 8.4 Axes
 + Level 6.3 Armour
 * Level 4.2 Dodging
 * Level 5.0 Stealth
 - Level 5.2 Shields


You had 9 spell levels left.
You didn't know any spells.
Your spell library contained the following spells:

 Spells                   Type           Power        Failure   Level  Hunger
 Lightning Bolt           Conj/Air       #.........   100%        5    ######.
 Confuse                  Hex            #.......     100%        3    ####...
 Tukima's Dance           Hex            #.......     100%        3    ####...
 Stone Arrow              Conj/Erth      #.....       100%        3    ####...
 Shock                    Conj/Air       #...         95%         1    ##.....
 Swiftness                Chrm/Air       #.......     99%         2    ###....
 Airstrike                Air            #.........   100%        4    #####..
 Passwall                 Tmut/Erth      #.......     99%         2    ###....
 Ensorcelled Hibernation  Hex/Ice        #.....       99%         2    ###....
 Static Discharge         Conj/Air       #.......     100%        3    ####...
 Corona                   Hex            #......      95%         1    ##.....
 Lee's Rapid Deconstruct  Erth           #.........   100%        5    ######.
 Sandblast                Erth           #.....       95%         1    ##.....
 Petrify                  Tmut/Erth      #.......     100%        4    #####..
 Dazzling Spray           Conj/Hex       #.....       100%        3    ####...


Dungeon Overview and Level Annotations

Branches:
Dungeon (8/15)             Temple (0/1) D:7
   Lair: D:8-11

Altars:
Dithmenos
Elyvilon
Kikubaaqudgha
Okawaru
The Shining One


Innate Abilities, Weirdness & Mutations

You are resistant to torment.
Your stone body is resilient. (AC +7)
You are immune to poison.
You resist negative energy. (rN+)
You are resistant to electric shocks. (rElec)
You can survive without breathing.
You are immune to petrification.
You are immune to rotting.


Message History

Items here: )) [ †† a giant spiked club; a hand axe; a shield; an orc corpse; a scorpion corpse The orc warrior hits you with a trident of freezing!
* * * LOW HITPOINT WARNING * * *
The orc warrior freezes you.
* * * LOW HITPOINT WARNING * * *
You completely miss the orc warrior.
The orc warrior hits you with a trident of freezing.
* * * LOW HITPOINT WARNING * * *
The orc warrior freezes you.
* * * LOW HITPOINT WARNING * * *
You closely miss the orc warrior.
The orc warrior hits you but does no damage.
Quiver which item? (- for none, * to show all) (? for menu, Esc to quit)
Quivering
q - a +5 short sword for throwing.
You feel better.
The orc warrior hits you with a trident of freezing!
* * * LOW HITPOINT WARNING * * *
The orc warrior freezes you.
You die...

.....########(.###.#
.....#<.......)###.##
####.########....†..#
#.. ............# ###
######......####
#.........##
.....>#.#####..#
.######)######.#
#..@o..# #..#
#.........P##.#
#......P.....#.#
#....P.......#.#
.......P....P...#
..P.P.####......#
...P.. ...P. ..P...
..P..


You could see an orc warrior.

Vanquished Creatures
  2 hippogriffs
  2 wyverns
  3 hungry ghosts
  Grum (D:9)
  A porcupine (D:9)
  A black bear (D:9)
  2 sky beasts
  2 ogres
  A phantom (D:4)
  5 ice beasts
  4 wolves (D:9)
  2 big kobolds (D:9)
  4 scorpions
  4 wights (D:6)
  3 crimson imps
  2 orc priests (D:6)
  5 hounds
  A jelly (D:5)
  5 orc wizards
  A centaur skeleton (D:6)
  Ijyb (D:3)
  An iguana (D:7)
  7 worker ants
  2 hound skeletons
  A howler monkey zombie (D:5)
  2 worker ant zombies
  8 adders
  8 gnolls
  A shadow imp (D:9)
  3 worms
  2 dart slugs
  7 leopard geckos
  11 orcs
  9 bats
  3 giant cockroaches
  7 goblins
  9 hobgoblins
  8 jackals
  4 quokkas
  2 ball pythons
  7 frilled lizards
  15 kobolds
  3 rats
172 creatures vanquished.

Vanquished Creatures (others)
  15 fungi (D:9)
  13 plants (D:9)
28 creatures vanquished.

Grand Total: 200 creatures vanquished

Notes
Turn   | Place    | Note
-------+----------+-------------------------------------------
     0 | D:1      | lukekx100 the Gargoyle Fighter began the quest for the Orb.
     0 | D:1      | Reached XP level 1. HP: 14/14 MP: 1/1
   126 | D:1      | Reached XP level 2. HP: 14/19 MP: 2/2
   300 | D:1      | Reached skill level 2 in Axes
   719 | D:1      | Reached XP level 3. HP: 23/23 MP: 3/3
  1130 | D:2      | Reached skill level 1 in Stealth
  1451 | D:2      | Reached XP level 4. HP: 28/28 MP: 4/4
  1462 | D:2      | Reached skill level 1 in Dodging
  2044 | D:3      | Noticed Ijyb
  2073 | D:3      | Killed Ijyb
  2073 | D:3      | Reached skill level 1 in Short Blades
  2073 | D:3      | Reached XP level 5. HP: 15/32 MP: 5/5
  3055 | D:4      | Noticed a phantom
  3101 | D:4      | Reached XP level 6. HP: 26/37 MP: 6/6
  3109 | D:4      | Killed a phantom
  3118 | D:4      | Found a shadowy altar of Dithmenos.
  3263 | D:4      | Noticed a hungry ghost
  3274 | D:4      | Killed a hungry ghost
  3274 | D:4      | Reached XP level 7. HP: 42/42 MP: 7/7
  3678 | D:5      | Entered Level 5 of the Dungeon
  3911 | D:5      | Reached skill level 5 in Armour
  3972 | D:5      | Reached skill level 5 in Shields
  3972 | D:5      | Reached XP level 8. HP: 20/48 MP: 8/8
  4395 | D:5      | Reached skill level 5 in Short Blades
  4624 | D:6      | Found a sand-covered staircase.
  4824 | D:6      | Reached skill level 3 in Axes
  4864 | D:6      | Found an iron altar of Okawaru.
  4890 | D:6      | Noticed a hippogriff
  4896 | D:6      | Killed a hippogriff
  4896 | D:6      | Reached skill level 4 in Axes
  4896 | D:6      | Reached XP level 9. HP: 50/52 MP: 9/9
  5165 | D:6      | Found a glowing golden altar of the Shining One.
  5177 | D:6      | Found a white marble altar of Elyvilon.
  5386 | D:7      | Reached skill level 5 in Axes
  5739 | D:7      | Found a staircase to the Ecumenical Temple.
  5756 | D:7      | Found an ancient bone altar of Kikubaaqudgha.
  6223 | D:8      | You fall through a shaft!
  6243 | D:9      | Reached skill level 6 in Axes
  6281 | D:9      | Noticed Grum
  6307 | D:9      | Killed Grum
  6505 | D:9      | Reached skill level 7 in Axes
  6563 | D:9      | Reached XP level 10. HP: 56/57 MP: 10/10
  6681 | D:9      | Reached skill level 8 in Axes
  6694 | D:9      | Reached skill level 5 in Stealth
  6711 | D:9      | HP: 2/57 [orc warrior/trident of freezing (2)]
  6713 | D:9      | Slain by an orc warrior

Skill      XL: |  1  2  3  4  5  6  7  8  9 10 |
---------------+-------------------------------+-----
Axes           | 2 4 7 8 |  8.4
Stealth        | 1 3 4 5 |  5.0
Dodging        | 1 2 3 4 |  4.2
Short Blades   | 1 3 4 5 |  5.5
Shields        | 4 5 |  5.2
Armour         | 4 5 6 |  6.3
Fighting       | 4 |  4.2

Action                   |  1- 3 |  4- 6 |  7- 9 | 10-12 || total
-------------------------+-------+-------+-------+-------++-------
Melee: War axe           |   168 |    37 |       |       ||   205
       Short sword       |       |   150 |   136 |       ||   286
       Battleaxe         |       |       |   172 |    45 ||   217
  Use: Scroll            |     2 |     6 |     7 |       ||    15
       Potion            |       |     3 |     4 |     2 ||     9
  Eat: Chunk             |     2 |     2 |       |     1 ||     5
       Ration            |       |     2 |     4 |       ||     6
Armor: Scale mail        |   131 |    80 |       |       ||   211
       Chain mail        |       |    28 |   235 |    47 ||   310
Dodge: Dodged            |    66 |    78 |   156 |    33 ||   333
Block: Shield            |   112 |   116 |    66 |       ||   294
